 Dungeon Crawl Stone Soup version 0.28-a0-1080-g05a166d0ed (webtiles) character file.

Game seed: 9813786074552702597

362 meatgazer the Distorting Demonspawn (level 6, 0/49 HPs)
             Began as a Demonspawn Abyssal Knight on Dec 9, 2021.
             Was a Believer of Lugonu.
             Slain by a gnoll (3 damage)
             ... on level 4 of the Dungeon.
             The game lasted 00:06:48 (3677 turns).

meatgazer the Distorting Demonspawn (DsAK)          Turns: 3677, Time: 00:06:50

Health: 0/49       AC: 13    Str: 13 (15) XL:     6   Next: 39%
Magic:  10/10      EV: 11    Int: 15 (17) God:    Lugonu [**....]
Gold:   103        SH:  4    Dex: 11 (14) Spells: 5/5 levels left

rFire   . . .      SeeInvis .   a - +1 falchion
rCold   . . .      Faith    .   (no shield)
rNeg    . . .      Spirit   .   b - +0 leather armour
rPois   .          Reflect  .   (no helmet)
rElec   .          Harm     .   q - +0 cloak
rCorr   .          Rampage  .   c - +3 pair of gloves of Ylelaq {Str+2 Int+4}
Will    .....                   n - +0 pair of boots
Stlth   +.........              f - amulet of regeneration
HPRegen 0.96/turn               (no ring)
MPRegen 0.12/turn               (no ring)

@: brilliant, attractive
A: icemail 1, condensation shield
a: Renounce Religion, Depart the Abyss, Bend Space


You were on level 4 of the Dungeon.
You worshipped Lugonu.
Lugonu was pleased with you.
You visited 1 branch of the dungeon, and saw 4 of its levels.
You visited the Abyss 1 time.

You collected 103 gold pieces.

Inventory:

Hand Weapons
 a - a +1 falchion (weapon)
Missiles
 k - 46 stones
Armour
 b - a +0 leather armour (worn)
 c - the +3 pair of gloves of Ylelaq (worn) {Str+2 Int+4}
   (You found it on level 2 of the Abyss)

   Str:       It affects your strength (+2).
   Int:       It affects your intelligence (+4).
 n - a +0 pair of boots (worn)
 q - a +0 cloak (worn)
Magical Staves
 d - a staff of earth
Jewellery
 e - an amulet of magic regeneration
 f - an amulet of regeneration (around neck)
Wands
 h - a wand of digging (5)
Scrolls
 j - a scroll of amnesia
Potions
 p - a potion of ambrosia
 s - a potion of attraction


   Skills:
 + Level 4.7 Fighting
 + Level 3.7 Long Blades
 - Level 2.0 Armour
 - Level 1.1 Dodging
 + Level 5.4 Invocations


You had 5 spell levels left.
You didn't know any spells.
Your spell library contained the following spells:

 Spells                   Type           Power      Damage    Failure   Level
 Sandblast                Erth           0%         2d4       34%         1
 Passwall                 Tmut/Erth      0%         N/A       45%         2
 Static Discharge         Conj/Air       0%         N/A       45%         2
 Frozen Ramparts          Ice            0%         1d2       71%         3
 Stone Arrow              Conj/Erth      0%         3d7       71%         3
 Ice Form                 Ice/Tmut       0%         N/A       98%         4
 Summon Ice Beast         Ice/Summ       0%         N/A       98%         4
 Lightning Bolt           Conj/Air       0%         1d11      100%        5
 Maxwell's Capacitive Co  Air            0%         ∞         100%        8


Dungeon Overview and Level Annotations

Branches:
Dungeon (4/15)
 Temple: D:4-7

Altars:
Yredelemnul
Zin

Annotations:
D:4 Pikel


Innate Abilities, Weirdness & Mutations

A meltable icy envelope protects you from harm. (AC +4)
A meltable shield of frost defends you. (SH +4)


Message History

The gnoll hits you but does no damage. The adder skeleton barely misses you.
You closely miss the orc warrior.
The orc warrior is heavily wounded.
The orc warrior hits you with a +0 scimitar.
The adder skeleton bites you but does no damage.
The gnoll barely misses you.
You hit the orc warrior.
The orc warrior is severely wounded.
The orc warrior barely misses you.
The adder skeleton bites you but does no damage.
The gnoll barely misses you.
The orc warrior hits you but does no damage.
You closely miss the orc warrior.
The orc warrior is severely wounded.
You block the adder skeleton's attack. The gnoll barely misses you.
The adder skeleton bites you but does no damage.
The orc warrior hits you with a +0 scimitar!
You barely miss the orc warrior.
The orc warrior is severely wounded.
You block the gnoll's attack.
The adder skeleton bites you but does no damage.
You block the orc warrior's attack.
You hit the orc warrior but do no damage.
The orc warrior is severely wounded.
The gnoll closely misses you. The adder skeleton misses you.
The orc warrior completely misses you.
You closely miss the orc warrior.
The orc warrior is severely wounded.
The gnoll hits you from afar with a +0 spear!
The adder skeleton bites you but does no damage.
The orc warrior hits you with a +0 scimitar.
* * * LOW HITPOINT WARNING * * *
The gnoll misses you.
You hit the orc warrior.
The orc warrior is severely wounded.
The adder skeleton closely misses you.
The orc warrior hits you with a +0 scimitar!
* * * LOW HITPOINT WARNING * * *
The gnoll hits you from afar with a +0 spear.
You die...

.^..### ....
##.....## #....
##..)....##...#
#............#
##...........#
##...........#
#...........##
##.Z.........#
#.@og......#)#
##..........#..#
#..........###.#
#..........## ..
#.........## ...
###......## ...
######## ....


You could see an orc warrior, a gnoll and an adder skeleton.

Vanquished Creatures
  An ogre (D:4)
  A water moccasin skeleton (D:4)
  2 jellies (D:3)
  A hound (D:2)
  Crazy Yiuf (D:3)
  4 adders
  A worm (D:2)
  A dart slug (D:1)
  6 orcs
  11 endoplasms
  2 giant cockroaches
  4 goblins
  5 hobgoblins
  3 quokkas
  2 ball pythons (D:1)
  4 bats
  5 frilled lizards
  12 kobolds
  4 rats
70 creatures vanquished.

Vanquished Creatures (others)
  7 fungi (D:3)
  11 toadstools (D:3)
18 creatures vanquished.

Grand Total: 88 creatures vanquished

Notes
Turn   | Place    | Note
-------+----------+-------------------------------------------
     0 | Abyss:1  | meatgazer the Demonspawn Abyssal Knight began the quest for
                  | the Orb.
     0 | Abyss:1  | Reached XP level 1. HP: 18/18 MP: 2/2
    16 | Abyss:2  | Found a corrupted altar of Lugonu.
    21 | Abyss:2  | Identified the +3 pair of gloves of Ylelaq {Str+2 Int+4}
    46 | Abyss:2  | Noticed a thrashing horror
    47 | D:1      | Escaped the Abyss
   295 | D:1      | Reached skill level 1 in Dodging
   440 | D:1      | Gained mutation: A meltable shield of frost defends you.
                  | (SH +4) [demonic ancestry]
   440 | D:1      | Reached XP level 2. HP: 24/24 MP: 4/4
   509 | D:1      | Reached * piety under Lugonu
   805 | D:1      | Found a faded altar of an unknown god.
   909 | D:2      | Reached skill level 3 in Invocations
   909 | D:2      | Reached XP level 3. HP: 19/29 MP: 5/5
  1643 | D:2      | Reached XP level 4. HP: 37/37 MP: 6/6
  2298 | D:3      | Reached ** piety under Lugonu
  2299 | D:3      | Reached skill level 4 in Invocations
  2348 | D:3      | Gained mutation: A meltable icy envelope protects you from
                  | harm. (AC +4) [demonic ancestry]
  2348 | D:3      | Reached XP level 5. HP: 25/42 MP: 8/8
  2955 | D:3      | Found a basalt altar of Yredelemnul.
  2990 | D:3      | Found a runed translucent door.
  2991 | D:3      | Noticed Crazy Yiuf
  3184 | D:3      | Killed Crazy Yiuf
  3232 | D:4      | Noticed an ogre
  3478 | D:4      | Killed an ogre
  3479 | D:4      | Reached skill level 5 in Invocations
  3479 | D:4      | Reached XP level 6. HP: 49/49 MP: 9/9
  3592 | D:4      | Noticed Pikel
  3637 | D:4      | Noticed an orc warrior
  3677 | D:4      | Slain by a gnoll

Illustrated notes

Levels and vault maps discovered:
D:1:      heliophobic_arrival_enchanted_forest, layout_basic,
          dreamdust_ecumenical_altar_hidden_monk_grotto
D:2:      layout_basic, basic_altar
D:3:      cheibrodos_fertilizer, layout_rooms, mainiacjoe_overflow_alcove_1,
          uniq_crazy_yiuf_cottage
D:4:      layout_cave_pods, lemuel_tele_altar, amcnicky_altar_gilded,
          minmay_temple_entry_statues, biasface_ghost_orc_armoury, uniq_sigmund,
          uniq_pikel

Skill      XL: |  1  2  3  4  5 |
---------------+----------------+-----
Dodging        | 1 |  1.1
Long Blades    | 2 3 |  3.7
Armour         | 2 |  2.0
Invocations    | 3 4 5 |  5.4
Fighting       | 4 |  4.7

Action                   |  1- 3 |  4- 6 || total
-------------------------+-------+-------++-------
Melee: Falchion          |   102 |   186 ||   288
Invok: Depart the Abyss  |     1 |       ||     1
  Use: Scroll            |     4 |     3 ||     7
       Potion            |       |     8 ||     8
 Stab: Sleeping          |       |     2 ||     2
       Distracted        |       |     1 ||     1
       Invisible         |       |     2 ||     2
Armor: Leather armour    |    24 |    76 ||   100
Dodge: Dodged            |    68 |    95 ||   163
Block: Other             |    15 |    36 ||    51

Table legend: (Time is in decaauts)
 A = Elapsed time spent in this place.
 B = Non-inter-level travel time spent in this place.
 C = Inter-level travel time spent in this place.
 D = Time resting spent in this place.
 E = Time spent auto-exploring this place.
 F = Levels seen in this place.
 G = Mean time per level.
                   A        B        C        D        E       F      G
               +--------+--------+--------+--------+--------+-----+--------+
         Total |   3730 |   3657 |     73 |   1021 |   1935 |   6 |  621.7 |
       Dungeon |   3683 |   3610 |     73 |   1021 |   1922 |   4 |  920.8 |
         Abyss |     46 |     46 |      0 |      0 |     13 |   2 |   23.0 |
               +--------+--------+--------+--------+--------+-----+--------+

Top non-repeatable levels by time:
     D:2: 1344 daAuts
     D:3: 1329 daAuts
     D:1: 814 daAuts
     D:4: 196 daAuts
 Abyss:2: 32 daAuts
 Abyss:1: 14 daAuts
